 Dungeon Crawl Stone Soup version 0.29.1-15-g9cfb28693d (webtiles) character file.

Game seed: 15780044834886536922

39 javelincjr the Trooper (level 3, 0/29 HPs)
             Began as a Demonspawn Abyssal Knight on Mar 25, 2023.
             Was a Believer of Lugonu.
             Slain by a goblin
             ... wielding a +0 club
             ... led by Robin
              (4 damage)
             ... on level 2 of the Dungeon.
             The game lasted 00:01:35 (1120 turns).

javelincjr the Trooper (Demonspawn Abyssal Knight)  Turns: 1120, Time: 00:01:36

Health: 0/29       AC:  3    Str: 13    XL:     3   Next: 28%
Magic:  5/5        EV: 11    Int: 13    God:    Lugonu [**....]
Gold:   36         SH:  0    Dex: 13    Spells: 2/2 levels left

rFire   . . .      SeeInvis .   a - +1 hand axe
rCold   . . .      Faith    .   (no shield)
rNeg    . . .      Spirit   .   b - +0 leather armour
rPois   .          Reflect  .   (no helmet)
rElec   .          Harm     .   (no cloak)
rCorr   .          Rampage  .   (no gloves)
Will    .....                   (no boots)
Stlth   +.........              (no amulet)
HPRegen 0.09/turn               (no ring)
MPRegen 0.09/turn               (no ring)

@: no status effects
A: hooves 2
a: Renounce Religion, Depart the Abyss, Bend Space


You were on level 2 of the Dungeon.
You worshipped Lugonu.
Lugonu was pleased with you.
You visited 1 branch of the dungeon, and saw 2 of its levels.
You visited the Abyss 1 time.

You collected 36 gold pieces.

Inventory:

Hand Weapons
 a - a +1 hand axe (weapon)
Armour
 b - a +0 leather armour (worn)
Scrolls
 c - 7 scrolls of identify {unknown}
 e - 3 scrolls of teleportation {unknown}
 j - a scroll of enchant armour {unknown}
 k - a scroll of magic mapping {unknown}
Potions
 d - a potion of heal wounds {unknown}
 f - a potion of mutation {unknown}
 g - a potion of curing {unknown}
 h - a potion of flight {unknown}
 i - a potion of attraction {unknown}


   Skills:
 + Level 3.3 Fighting
 + Level 2.1 Axes
 + Level 2.1 Armour
 + Level 1.4 Dodging
 + Level 3.0 Invocations


You had 2 spell levels left.
You didn't know any spells.
Your spell library was empty.

Dungeon Overview and Level Annotations

Branches:
Dungeon (2/15)

Altars:

Annotations:
D:2 Robin


Innate Abilities, Weirdness & Mutations

You have hoof-like feet.


Message History

You closely miss the goblin. You kick the goblin.
You kill the goblin!
Lugonu accepts your kill.
A rat comes into view.
You slash the goblin!
You kill the goblin!
Lugonu accepts your kill. Robin throws the goblin at you!
The goblin hits you with a +0 dagger.
The goblin shoots a sling bullet.
The sling bullet barely misses you. The goblin barely misses you.
Robin throws the goblin at you!
A goblin comes into view. It is wielding a +0 club.
You closely miss the hobgoblin. You closely miss the goblin. x2
The goblin unwields a +0 sling.
The goblin wields a +0 club.
The goblin hits you with a +0 club. The hobgoblin closely misses you.
The goblin hits you with a +0 dagger.
You hit the hobgoblin.
The hobgoblin is heavily wounded.
You closely miss the goblin. You hit the goblin.
The goblin hits you with a +0 club.
The hobgoblin hits you but does no damage.
The goblin barely misses you. The goblin completely misses you.
You are too injured to fight recklessly!
You are too injured to fight recklessly!
You are too injured to fight recklessly!
You are too injured to fight recklessly!
You are too injured to fight recklessly!
You closely miss the goblin. Your kick misses the goblin.
The goblin is heavily wounded.
You hit the hobgoblin but do no damage. You hit the goblin.
You kill the goblin!
Lugonu accepts your kill. The hobgoblin hits you.
The goblin hits you with a +0 club.
* * * LOW HITPOINT WARNING * * *
You barely miss the goblin. You kick the goblin.
The goblin is severely wounded.
You hit the hobgoblin.
You kill the hobgoblin!
Lugonu accepts your kill. The goblin hits you with a +0 club.
You die...

# #....<..# #. ##...##.#
#.. ......###.# #..####
####### #.# .....### ##
#.# .... .#. #.#
##)###.# #.#
####)).##.#########.#
#gKJ@g..............#
....rg#...##############
....g ##.## .... ...#
... .#### .. #. . #


You could see Robin, an endoplasm, a hobgoblin (strong), 2 goblins, a kobold and
a rat.

Vanquished Creatures
  An adder (D:2)
  A worm (D:2)
  3 bats
  3 endoplasms
  A giant cockroach (D:1)
  8 goblins
  2 hobgoblins
  A quokka (D:1)
  A ball python (D:1)
  2 frilled lizards (D:1)
  3 kobolds
  A rat (D:1)
27 creatures vanquished.

Notes
Turn   | Place    | Note
-------+----------+-------------------------------------------
     0 | Abyss:1  | javelincjr the Demonspawn Abyssal Knight began the quest
                  | for the Orb.
     0 | Abyss:1  | Reached XP level 1. HP: 18/18 MP: 2/2
     3 | Abyss:1  | Found a corrupted altar of Lugonu.
    47 | Abyss:1  | Noticed a wretched star
    49 | Abyss:1  | Noticed a large abomination
    51 | D:1      | Escaped the Abyss
   219 | D:1      | Reached skill level 1 in Dodging
   589 | D:1      | Gained mutation: You have large cloven feet. [demonic
                  | ancestry]
   589 | D:1      | Reached XP level 2. HP: 23/24 MP: 4/4
  1105 | D:2      | Gained mutation: You have hoof-like feet. [demonic
                  | ancestry]
  1105 | D:2      | Reached XP level 3. HP: 29/29 MP: 5/5
  1108 | D:2      | Noticed Robin
  1120 | D:2      | Slain by a goblin

Illustrated notes

Levels and vault maps discovered:
D:1:      dpeg_arrival_simpleton_c, layout_basic
D:2:      layout_loops_ring, hellmonk_ecumenical_altar_defaced_shrine,
          uniq_sigmund, uniq_robin

Skill      XL: |  1  2 |
---------------+-------+-----
Dodging        | 1 |  1.4
Axes           | 2 |  2.1
Armour         | 2 |  2.1
Invocations    | 3 |  3.0
Fighting       | |  3.3

Action                   || total
-------------------------++-------
Melee: Hand axe          ||    63
       Kick              ||    13
Invok: Depart the Abyss  ||     1
Armor: Leather armour    ||    31
Dodge: Dodged            ||    27
